 Dungeon Crawl Stone Soup version 0.30-a0-739-gea05faddec (webtiles) character file.

Game seed: 5716325057323309137

481576 jt the Conqueror (level 22, -6/234 (275) HPs)
             Began as an Ogre Reaver on Feb 4, 2023.
             Was the Champion of Ru.
             Succumbed to poison (dark miasma)
             ... on level 1 of the Depths.
             The game lasted 02:46:44 (64124 turns).

jt the Conqueror (Ogre Reaver)                     Turns: 64124, Time: 02:46:45

HP:   -6/234 (275)  AC: 24    Str: 26    XL:     22   Next: 55%
MP:   33/39         EV:  4    Int: 22    God:    Ru [******]
Gold: 5244          SH: 11    Dex: 11    Spells: 27/48 levels left

rFire   + + .      SeeInvis .    X - +8 mithril axe "Arga" {speed, Will+}
rCold   + + .      Faith    .    e - +2 kite shield {reflect}
rNeg    + . .      Spirit   .    d - +1 gold dragon scales of Foolhardiness {Fly rPois rF+ rC+ Int+4 Dex+4}
rPois   +          Reflect  +    y - -2 hat of the Alchemist {rElec rPois rF+ rC+ rN+ Will+ rMut rCorr}
rElec   +          Harm     .    r - +2 cloak
rCorr   +          Rampage  .    (gloves unavailable)
rMut    +                        (boots unavailable)
Will    +++++                    H - amulet of Vitality {RegenMP++ Regen++} Stlth
                                 k - +4 ring of protection
HPRegen 2.19/turn                c - ring of willpower
MPRegen 1.06/turn

@: lethally poisoned (-6 -> -41), exhausted, corroded, flying, slowed, studying
Unarmed Combat, heavily drained, unable to read, very slow
A: large, unfitting armour, tough skin 1, inability to read after injury 2, no
stealth, hated by all, inexperienced 2
}: 3/15 runes: decaying, serpentine, silver
a: Renounce Religion, Draw Out Power, Power Leap, Apocalypse


You were on level 1 of the Depths.
You worshipped Ru.
Ru was exalted by your worship.
You visited 10 branches of the dungeon, and saw 42 of its levels.
You also visited: Gauntlet, Ice Cave, Volcano and Desolation.

You collected 6530 gold pieces.
You spent 1286 gold pieces at shops.

Inventory:

Hand Weapons
 s - a +9 spectral giant club
 X - the +8 mithril axe "Arga" (weapon) {speed, Will+}
   (You found it in the Desolation of Salt)

   Will:      It increases your willpower.
Missiles
 b - 9 silver javelins
 L - 15 javelins
 R - 3 throwing nets
 S - 14 curare-tipped darts
 Y - 85 large rocks
Armour
 d - the +1 gold dragon scales of Foolhardiness (worn) {Fly rPois rF+ rC+ Int+4 Dex+4}
   (You acquired it on level 2 of the Depths)

   Int:       It affects your intelligence (+4).
   Dex:       It affects your dexterity (+4).
   rF:        It protects you from fire.
   rC:        It protects you from cold.
   rPois:     It protects you from poison.
   Fly:       It grants you flight.
 e - a +2 kite shield of reflection (worn)
 r - a +2 cloak (worn)
 y - the -2 hat of the Alchemist (worn) {rElec rPois rF+ rC+ rN+ Will+ rMut rCorr}
   (You acquired it on level 5 of the Dungeon)

   rF:        It protects you from fire.
   rC:        It protects you from cold.
   rElec:     It insulates you from electricity.
   rPois:     It protects you from poison.
   rN:        It protects you from negative energy.
   rCorr:     It protects you from acid and corrosion.
   rMut:      It protects you from mutation.
   Will:      It increases your willpower.
 V - +1 ice dragon scales
Jewellery
 c - a ring of willpower (right hand)
 k - a +4 ring of protection (left hand)
 C - the ring "Ezejagh" {Ice rN+ Str+2 Dex+3}
   (You found it in a Gauntlet)

   [ring of ice]

   It enhances your ice magic.
   Str:       It affects your strength (+2).
   Dex:       It affects your dexterity (+3).
   rF:        It makes you vulnerable to fire.
   rC:        It protects you from cold.
   rN:        It protects you from negative energy.
 H - the amulet of Vitality (around neck) {RegenMP++ Regen++}
   (You acquired it on level 4 of the Depths)

   [amulet of magic regeneration]

   It increases your rate of magic regeneration.
   Regen:     It increases your rate of health regeneration.
 Q - a ring of see invisible
Wands
 a - a wand of mindburst (18)
 p - a wand of paralysis (9)
 M - a wand of roots (47)
 O - a wand of light (58)
 P - a wand of digging (31)
 U - a wand of polymorph (22)
 Z - a wand of flame (72)
Scrolls
 f - 10 scrolls of blinking
 j - 29 scrolls of teleportation
 n - 6 scrolls of immolation
 u - 13 scrolls of magic mapping
 A - 5 scrolls of poison
 E - 11 scrolls of fear
 F - 8 scrolls of enchant armour
 G - 3 scrolls of silence
 I - 6 scrolls of fog
 J - 10 scrolls of vulnerability
Potions
 g - 9 potions of heal wounds
 i - 3 potions of berserk rage
 l - 8 potions of haste
 o - 4 potions of invisibility
 q - 5 potions of brilliance
 t - 5 potions of magic
 v - 5 potions of resistance
 w - 5 potions of mutation
 x - 7 potions of cancellation
 z - 17 potions of curing
 D - 4 potions of ambrosia
 W - 5 potions of might
Miscellaneous
 h - a lightning rod (4/4)
 B - a condenser vane
 N - a tin of tremorstones (2/2)
 T - a phial of floods


   Skills:
 O Level 27 Fighting
 + Level 9.1(15.6) Axes
 - Level 18.0(18.6) Maces & Flails
 - Level 4.0(7.0) Polearms
 - Level 2.0 Throwing
 + Level 16.8 Armour
 - Level 5.0 Dodging
 + Level 6.7 Shields
 + Level 13.9 Spellcasting
 + Level 6.3 Conjurations
 + Level 15.7 Translocations
 - Level 1.0 Fire Magic
 - Level 2.0 Ice Magic
 + Level 6.7 Air Magic
 - Level 5.0 Evocations


You had 27 spell levels left.
You knew the following spells:

 Your Spells              Type           Power      Damage    Failure   Level
a - Kiss of Death         Conj/Necr      100%       2d13      41%         1
b - Momentum Strike       Conj/Tloc      100%       3d10      2%          2
c - Hailstorm             Conj/Ice       33%        3d8       65%         3
d - Kindle Blastsparks    Fire/Tloc/Air  98%        2d18      21%         3
e - Apportation           Tloc           100%       N/A       1%          1
f - Vhi's Electric Charg  Tloc/Air       100%       N/A       4%          3
g - Manifold Assault      Tloc           71%        N/A       2%          4
h - Iskenderun's Mystic   Conj/Tloc      59%        2d12      17%         4

Your spell library contained the following spells:

 Spells                   Type           Power      Damage    Failure   Level
 Lesser Beckoning         Tloc           100%       N/A       1%          2
 Passage of Golubria      Tloc           71%        N/A       2%          4
 Magic Dart               Conj           100%       1d8       12%         1
 Searing Ray              Conj           86%        2d7       19%         2
 Portal Projectile        Hex/Tloc       98%        N/A       19%         3
 Swiftness                Air            45%        N/A       30%         3
 Foxfire                  Conj/Fire      100%       2x1d9     36%         1
 Dispersal                Tloc           35%        N/A       36%         6
 Mephitic Cloud           Conj/Pois/Air  34%        N/A       63%         3
 Stone Arrow              Conj/Erth      58%        3d10      80%         3
 Necrotise                Necr           60%        1d7       86%         1
 Ozocubu's Armour         Ice            24%        N/A       91%         3
 Sublimation of Blood     Necr           15%        N/A       94%         2
 Flame Wave               Conj/Fire      31%        2d9       98%         4
 Sticky Flame             Conj/Fire      31%        2d5       98%         4
 Iskenderun's Battlesphe  Conj           43%        2d9       98%         5
 Ignite Poison            Fire/Tmut/Pois 16%        N/A       99%         3
 Inner Flame              Hex/Fire       17%        N/A       99%         3
 Vampiric Draining        Necr           15%        2d7       99%         3
 Fulminant Prism          Conj/Hex       14%        3d8       99%         4
 Freezing Cloud           Conj/Ice/Air   18%        6-21      99%         5
 Cause Fear               Hex            7%         N/A       100%        4
 Ice Form                 Ice/Tmut       19%        N/A       100%        4
 Leda's Liquefaction      Hex/Erth       7%         N/A       100%        4
 Agony                    Necr           15%        N/A       100%        5
 Alistair's Intoxication  Tmut/Pois      10%        N/A       100%        5
 Blade Hands              Tmut           7%         N/A       100%        5
 Borgnjor's Vile Clutch   Necr/Erth      7%         N/A       100%        5
 Lee's Rapid Deconstruct  Erth           7%         3d7*      100%        5
 Metabolic Englaciation   Hex/Ice        9%         N/A       100%        5
 Silence                  Hex/Air        15%        N/A       100%        5
 Conjure Ball Lightning   Conj/Air       22%        3x3d6     100%        6
 Eringya's Noxious Bog    Tmut/Pois      7%         N/A       100%        6
 Iron Shot                Conj/Erth      14%        9d4       100%        6
 Dragon Form              Tmut           7%         N/A       100%        7
 Orb of Destruction       Conj           21%        9d8       100%        7
 Ozocubu's Refrigeration  Ice            12%        4d10      100%        7
 Storm Form               Tmut/Air       15%        N/A       100%        7
 Borgnjor's Revivificati  Necr           7%         N/A       100%        8
 Disjunction              Tloc           35%        N/A       100%        8
 Ignition                 Fire           9%         3d5       100%        8
 Lehudib's Crystal Spear  Conj/Erth      14%        10d5      100%        8
 Maxwell's Capacitive Co  Air            22%        ∞         100%        8
 Necromutation            Tmut/Necr      7%         N/A       100%        8
 Chain Lightning          Conj/Air       22%        3d29      100%        9
 Death's Door             Necr           7%         N/A       100%        9
 Fire Storm               Conj/Fire      15%        8d4       100%        9
 Shatter                  Erth           7%         3d10*     100%        9
 Summon Small Mammal      Summ           Unusable   N/A       N/A         1
 Call Canine Familiar     Summ           Unusable   N/A       N/A         3
 Summon Guardian Golem    Hex/Summ       Unusable   N/A       N/A         3
 Summon Lightning Spire   Summ/Air       Unusable   N/A       N/A         4
 Summon Mana Viper        Hex/Summ       Unusable   N/A       N/A         5
 Simulacrum               Ice/Necr       Unusable   N/A       N/A         6
 Spellforged Servitor     Conj/Summ      Unusable   N/A       N/A         7
 Dragon's Call            Summ           Unusable   N/A       N/A         9

Dungeon Overview and Level Annotations

Branches:
Dungeon (15/15)            Temple (1/1) D:5            Lair (5/5) D:11
  Swamp (4/4) Lair:2        Snake (4/4) Lair:2        Slime (0/5) Lair:5
    Orc (2/2) D:11            Elf (0/3) Orc:2        Vaults (5/5) D:14
  Crypt (0/3) Vaults:2     Depths (4/4) D:15           Hell (visited)
    Zot (1/5) Depths:4      IceCv (visited)         Volcano (visited)
Desolation (visited)      Gauntlet (visited)
    Dis: Hell:1         Geh: Hell:1         Coc: Hell:1         Tar: Hell:1

Altars:
Cheibriados
Elyvilon
Gozag
Kikubaaqudgha
Makhleb
Okawaru
Qazlal
Ru
Uskayaw
Wu Jian
Xom
Zin
The Shining One

Shops:
D:1 [   D:8 [   D:9 *!   D:11 *   Orc:2 =*[[(   Snake:1 [   Snake:3 [
Vaults:4 =

Portals:
Hell: Depths:1 Depths:2 Depths:3 Depths:4
Abyss: Depths:1 Depths:2 Depths:3
Pandemonium: Depths:1 Depths:2 Depths:4
Ziggurat: Depths:3
Trove: D:10 (give 16 scrolls of teleportation)

Annotations:
Lair:4 1 runed translucent door, PigKeeper's ghost, journeyman TeGl


Innate Abilities, Weirdness & Mutations

You are too large for most types of armour.
You have tough skin. (AC +1)
You sometimes lose the ability to read scrolls when taking damage.
You cannot be stealthy.
You are hated by all.
You are inexperienced. (-2 XL)


Message History

The tainted leviathan hits you!!
You feel threatened and lose the ability to read scrolls!
The tainted leviathan hits you but does no damage.
You are too injured to fight recklessly!
You hit the tainted leviathan.
The tainted leviathan is almost destroyed.
You are engulfed in dark miasma.
You are more poisoned.
You feel as though you will be slow longer.
You feel extremely sick.
The tainted leviathan attempts to bespell you!
You resist with almost no effort.
You slash the tainted leviathan!
The tainted leviathan is almost destroyed.
You are engulfed in dark miasma.
You are more poisoned.
You feel extremely sick. The tainted leviathan hits you!!
* * * LOW HITPOINT WARNING * * *
The tainted leviathan hits you.
* * * LOW HITPOINT WARNING * * *
You partially resist.
You feel drained.
* * * LOW HITPOINT WARNING * * *
Casting: Manifold Assault (mildly dangerous; 2% risk of failure)
Confirm with . or Enter, or press ? or * to list all spells.
Okay, then.
Okay, then.
Press: ? - help, v - describe, . - travel
Here: a tainted leviathan, quivering large rocks (almost destroyed)
A gateway to Hell, spattered with blood.
Activating: Apocalypse
Press: ? - help, Dir - look around, f - activate You reveal the great annihilating truth to your foes!
You destroy the tainted leviathan!
You feel drained.
You are engulfed in dark miasma.
You are lethally poisoned!
You feel as though you will be slow longer.
* * * LOW HITPOINT WARNING * * *
x2 You feel extremely sick.
You die...

.............###......########
..............#......###.###.##
.................~~...........#
............~~~........<.....##
............~~~.............##
............~........###.####
..............∩...~..# ###
..............}°..~.##
..........).....@~..# ####
...................####..##
..........................#
..................~......#####
..................~~~...####.#
...................~~~.#..#..###
~~~.....~..........~...........#
~~~≈~.~≈~~................##.###
....~.~~~~~......#........####


There were no monsters in sight!

Vanquished Creatures
  3 dread liches
  An ancient lich (Vaults:1)
  Frederick (Vaults:4)
  Nikola (Swamp:1)
  Geryon (Hell)
  4 golden dragons
  An electric golem (Zot:1)
  The ghost of Poyn the Eclecticist, an adept DEVM of Gozag (Vaults:1)
  3 liches
  Zenata (Vaults:1)
  A tainted leviathan (Depths:1)
  6 tentacled monstrosities
  A walking divine tome (Depths:3)
  4 titans
  3 quicksilver dragons
  Kirke (D:15)
  6 sphinxes
  5 tengu reavers
  5 storm dragons
  2 thorn hunters (Swamp:4)
  7 shadow dragons
  6 nagarajas
  Donald (Vaults:1)
  4 fenstrider witches (Swamp:4)
  5 frost giants
  A fire giant (shapeshifter) (Vaults:4)
  2 iron dragons (Vaults:4)
  7 fire giants
  3 imperial myrmidons (Desolation)
  4 deep elf sorcerers
  2 angels (Vaults:4)
  9 vault wardens
  A caustic shrike zombie (Depths:2)
  A balrug (Hell)
  An orc warlord (Vaults:4)
  25 very ugly things
  3 reapers
  12 ironbound preservers
  15 stone giants
  A draconian annihilator (Depths:4)
  3 war gargoyles
  4 eleionomae
  7 ironbound thunderhulks
  3 putrid mouths
  A deep elf demonologist (Vaults:2)
  A black draconian (Depths:4)
  16 dire elephants
  3 vampire knights
  3 deep elf annihilators
  A yellow draconian (Depths:4)
  A green draconian (Depths:4)
  A minotaur (shapeshifter) (Vaults:5)
  Nessos (D:12)
  3 spark wasps (Depths:3)
  2 bunyips
  A halazid warlock (Desolation)
  A minotaur (Gauntlet)
  5 red draconians (Depths:4)
  A crystal guardian (Desolation)
  A deep elf death mage (Vaults:3)
  10 ettins
  3 green deaths
  Josephine (Orc:1)
  A blizzard demon (Swamp:4)
  An iron golem (Depths:4)
  6 great orbs of eyes
  3 fire dragons
  7 ragged hierophants (Desolation)
  18 yaktaur captains
  3 shambling mangroves
  2 deep elf high priests
  4 entropy weavers
  Harold (D:9)
  2 rakshasas
  30 vault guards
  5 catoblepae
  8 servants of whispers (Desolation)
  16 hydras
  The ghost of NigelTetley the Carver, a journeyman DsBe of Trog (D:10)
  6 peacekeepers
  4 ice dragons
  Erica (D:9)
  A ghost crab (Swamp:4)
  13 centaur warriors
  5 spriggan air magi
  11 ironbound frosthearts
  A hell beast (Gauntlet)
  6 boulder beetles
  4 two-headed ogres
  A radroach (shapeshifter) (Vaults:4)
  12 death yaks
  7 salamander tyrants
  9 anacondas
  8 ogre magi
  5 alligators
  12 naga warriors
  A vampire mage (Depths:2)
  12 deep troll shamans
  8 tengu warriors
  4 hell hogs
  6 shock serpents
  5 spriggan berserkers
  10 deep troll earth magi
  4 sun demons
  6 soul eaters
  Sonja (Lair:2)
  5 hell knights (Depths:4)
  8 naga sharpshooters
  10 spriggans
  The ghost of mopl the Basher, a novice GrFi of Okawaru (D:9)
  6 salamander mystics
  A storm dragon zombie (Hell)
  A shadow wraith (Vaults:4)
  A titan skeleton (Hell)
  A flayed ghost (Depths:3)
  3 goliath frogs
  A fire crab (Volcano)
  7 iron trolls
  2 sea snakes (Snake:3)
  3 sixfirhies
  4 swamp dragons
  5 spriggan druids
  56 deep trolls
  A lindwurm (shapeshifter) (Vaults:5)
  6 bog bodies
  4 phantasmal warriors
  8 naga ritualists
  2 spriggan simulacra (IceCv)
  A shadow demon (Depths:1)
  A deep elf zephyrmancer (Swamp:4)
  2 anaconda skeletons (Hell)
  13 wizards
  An obsidian statue (IceCv)
  18 ironbound convokers
  15 lindwurms
  10 mana vipers
  A sphinx zombie (Depths:2)
  6 orc knights
  4 harpies (Vaults:1)
  11 necromancers
  4 oklob plants (Lair:3)
  A frost giant zombie (Depths:2)
  2 deep elf pyromancers
  3 will-o-the-wisps (Swamp:4)
  6 cyclopes
  15 salamanders
  37 ugly things
  A moth of wrath (Swamp:2)
  5 manticores
  21 elephants
  2 orc sorcerers
  5 guardian serpents
  6 rust devils
  44 black mambas
  2 torpor snails
  5 molten gargoyles
  13 naga magi
  4 smoke demons
  A gargoyle (D:12)
  26 vault sentinels
  15 cane toads
  An orange demon (Swamp:4)
  An unseen horror (D:13)
  Psyche (D:8)
  4 kobold demonologists
  8 komodo dragons
  An efreet (D:14)
  6 rime drakes
  3 tengu conjurers
  30 yaktaurs
  An anaconda simulacrum (IceCv)
  12 freezing wraiths
  3 red devils
  2 sea snake skeletons (Hell)
  4 ice devils
  A bloated husk (Swamp:1)
  A hellwing (Swamp:4)
  3 hydra zombies (Hell)
  A merfolk (shapeshifter) (Vaults:5)
  2 golden dragon simulacra (IceCv)
  17 hornets
  8 polar bears
  53 saltlings (Desolation)
  A meliai (shapeshifter) (D:14)
  5 trolls
  12 tyrant leeches
  7 blink frogs
  A dream sheep (shapeshifter) (Vaults:5)
  4 dream sheep (Lair:5)
  24 slime creatures
  A centaur simulacrum (D:14)
  7 water elementals
  4 wraiths
  5 wyverns
  8 basilisks
  4 hogs (D:15)
  6 fire bats (Volcano)
  3 steam dragons
  5 chaos spawn
  A sea snake simulacrum (Hell)
  49 yaks
  7 redbacks
  5 minotaur simulacra (IceCv)
  7 vampire mosquitoes
  A neqoxec (Swamp:4)
  20 humans (D:14)
  15 swamp worms
  Menkaure (D:7)
  3 wargs
  52 nagas
  3 harpy simulacra (IceCv)
  3 acid dragons
  2 hell hounds
  12 water moccasins
  32 orc warriors
  2 swamp drakes
  A naga skeleton (Hell)
  2 alligator simulacra
  2 ice beasts
  2 black bears
  2 sky beasts
  A boggart (Vaults:2)
  An ettin simulacrum (IceCv)
  6 ogres
  18 centaurs
  18 wolves
  A phantom (D:5)
  5 kobold brigands
  17 bullfrogs
  3 scorpions (D:6)
  3 necrophages
  4 deep troll simulacra (IceCv)
  9 wights
  A howler monkey (D:10)
  2 electric eels
  A lava snake (D:14)
  12 orc priests
  5 jellies
  3 gnoll boudas
  4 hounds
  3 iguanas
  A hell rat (Hell)
  21 orc wizards
  15 gnolls
  3 adders
  3 shadow imps
  An ufetubus (D:7)
  3 worms
  A dart slug (D:1)
  57 orcs
  8 endoplasms
  4 giant cockroaches
  9 goblins
  5 hobgoblins
  4 jackals (D:2)
  3 quokkas
  6 ball pythons
  4 bats (D:1)
  3 frilled lizards
  28 kobolds
  7 rats
1729 creatures vanquished.

Vanquished Creatures (others)
  2 tengu reavers
  An ironbound preserver (Vaults:1)
  A stone giant (Depths:3)
  A very ugly thing (Vaults:4)
  2 yaktaur captains
  A hydra (Swamp:3)
  A death yak (Lair:2)
  A naga sharpshooter (Snake:4)
  A sun demon (Depths:1)
  An ironbound convoker (Vaults:5)
  A lindwurm (Volcano)
  A swamp dragon (Swamp:3)
  A harpy (Vaults:1)
  A will-o-the-wisp (Swamp:1)
  2 black mambas
  A smoke demon (Hell)
  A komodo dragon (Lair:2)
  5 bloated husks
  A hornet (Swamp:4)
  A spriggan (Depths:2)
  A yak (Lair:2)
  A vampire mosquito (Swamp:3)
  2 nagas (Snake:1)
  A hell hound (Orc:1)
  2 swamp worms
  An orc warrior (Orc:2)
  An iguana (D:7)
  3 kobolds
  A briar patch (Swamp:4)
  14 foxfires
  39 fungi
  55 plants
148 creatures vanquished.

Grand Total: 1877 creatures vanquished

Notes
Turn   | Place    | Note
-------+----------+-------------------------------------------
     0 | D:1      | jt the Ogre Reaver began the quest for the Orb.
     0 | D:1      | Reached XP level 1. HP: 22/22 MP: 3/3
   165 | D:1      | Reached XP level 2. HP: 29/29 MP: 5/5
   168 | D:1      | Learned a level 2 spell: Momentum Strike
   232 | D:1      | Reached skill level 1 in Stealth
   447 | D:1      | Reached XP level 3. HP: 16/36 MP: 6/6
   658 | D:1      | Found Acec's Armour Shoppe.
   693 | D:1      | Found a faded altar of an unknown god.
   705 | D:1      | Prayed at the altar of an unknown god.
   705 | D:1      | Became a worshipper of Ru the Awakened
   710 | D:1      | Gained mutation: You are hated by all. [Ru sacrifice]
   710 | D:1      | Reached * piety under Ru
   710 | D:1      | Reached ** piety under Ru
  1330 | D:2      | Reached XP level 4. HP: 44/44 MP: 4/7
  1463 | D:2      | Identified the +7 whip of Jufav {venom, Fly Str+4 Stlth+}
  1850 | D:1      | Bought a +0 cloak for 49 gold pieces
  3019 | D:4      | Reached skill level 3 in Fighting
  3148 | D:4      | Reached skill level 1 in Maces & Flails
  3330 | D:4      | Reached XP level 5. HP: 53/53 MP: 8/8
  3447 | D:4      | Noticed a black bear
  3459 | D:4      | Killed a black bear
  3460 | D:4      | Reached skill level 4 in Fighting
  3652 | D:4      | Reached XP level 6. HP: 52/62 MP: 9/9
  3871 | D:5      | Entered Level 5 of the Dungeon
  3871 | D:5      | Found an iron altar of Okawaru.
  3872 | D:5      | Identified a scroll of acquirement
  3872 | D:5      | Acquired the -2 hat of the Alchemist {rElec rPois rF+ rC+
                  | rN+ Will+ rMut rCorr}
  3872 | D:5      | Found the -2 hat of the Alchemist {rElec rPois rF+ rC+ rN+
                  | Will+ rMut rCorr}
  3978 | D:5      | Gained mutation: You are somewhat inexperienced. (-1 XL)
                  | [Ru sacrifice]
  3978 | D:5      | Reached XP level 5. HP: 55/55 MP: 8/8
  3978 | D:5      | Reached *** piety under Ru
  4115 | D:5      | Found a staircase to the Ecumenical Temple.
  4123 | Temple   | Entered the Ecumenical Temple
  4139 | D:5      | Noticed an ice beast
  4147 | D:5      | Killed an ice beast
  4148 | D:5      | Reached skill level 5 in Fighting
  4148 | D:5      | Reached XP level 6. HP: 47/66 MP: 9/9
  4872 | D:6      | Reached skill level 6 in Fighting
  5088 | D:6      | Reached XP level 7. HP: 18/68 MP: 6/10
  5360 | D:5      | Reached skill level 1 in Throwing
  5693 | D:7      | Reached skill level 7 in Fighting
  5792 | D:7      | Reached skill level 5 in Dodging
  5815 | D:7      | Noticed Menkaure
  5819 | D:7      | Reached skill level 8 in Fighting
  5825 | D:7      | Killed Menkaure
  5826 | D:7      | Reached skill level 9 in Fighting
  6122 | D:7      | Reached skill level 10 in Fighting
  6122 | D:7      | Reached XP level 8. HP: 81/93 MP: 11/11
  6474 | D:8      | Gained mutation: You are inexperienced. (-2 XL) [Ru
                  | sacrifice]
  6474 | D:8      | Reached XP level 7. HP: 87/87 MP: 10/10
  6474 | D:8      | Reached **** piety under Ru
  6474 | D:8      | Reached ***** piety under Ru
  6765 | D:6      | Reached skill level 11 in Fighting
  7474 | D:8      | Reached skill level 5 in Spellcasting
  7574 | D:8      | Noticed Psyche
  7659 | D:8      | Reached skill level 12 in Fighting
  8019 | D:8      | Found Oxigit's Armour Boutique.
  8028 | D:8      | Bought the +0 robe of Keteinej {Regen+ rCorr Str+2} for 210
                  | gold pieces
  8235 | D:8      | Killed Psyche
  8236 | D:8      | Reached XP level 8. HP: 81/94 MP: 7/17
  8734 | D:9      | Noticed Harold
  8746 | D:9      | Killed Harold
  8747 | D:9      | Reached skill level 13 in Fighting
  8821 | D:9      | Found a white marble altar of Elyvilon.
  9012 | D:9      | Found Hivunumi's Distillery.
  9020 | D:9      | Bought a potion of invisibility for 128 gold pieces
  9020 | D:9      | Bought a potion of might for 64 gold pieces
  9036 | D:9      | Found a runed translucent gate.
  9038 | D:9      | Found an opulent altar of Gozag.
  9039 | D:9      | Found a runed translucent gate.
  9039 | D:9      | Noticed an ogre mage
  9040 | D:9      | Found a runed translucent gate.
  9041 | D:9      | Found Zeicasuy's Assorted Antiques.
  9041 | D:9      | Noticed mopl's ghost (novice GrFi)
  9165 | D:9      | Gained mutation: You cannot be stealthy. [Ru sacrifice]
  9266 | D:9      | Noticed Erica
  9275 | D:9      | Killed Erica
  9346 | D:9      | Got the Reference Book on Transformation
  9378 | D:9      | Noticed a centaur warrior
  9394 | D:9      | Reached skill level 14 in Fighting
  9409 | D:9      | Killed a centaur warrior
  9648 | D:9      | Found a hide-covered altar of Uskayaw.
  9712 | D:9      | Killed mopl's ghost
  9713 | D:9      | Reached XP level 9. HP: 98/114 MP: 13/22
  9716 | D:9      | Killed an ogre mage
  9717 | D:9      | Reached skill level 15 in Fighting
  9717 | D:9      | Reached skill level 10 in Spellcasting
  9734 | D:9      | Bought a square platinum amulet for 130 gold pieces
  9741 | D:9      | Bought a silvery potion for 23 gold pieces
  9741 | D:9      | Bought a forked copper wand for 104 gold pieces
  9741 | D:9      | Bought an inky potion for 23 gold pieces
  9812 | D:10     | Entered Level 10 of the Dungeon
  9812 | D:10     | Found a runed translucent door.
  9815 | D:10     | Noticed NigelTetley's ghost (journeyman DsBe)
  9900 | D:10     | Found an ornate altar of the Wu Jian Council.
  9907 | D:10     | Found a burning altar of Makhleb.
  9919 | D:10     | Found a glowing golden altar of the Shining One.
 10010 | D:10     | Noticed a two-headed ogre
 10019 | D:10     | Killed a two-headed ogre
 10180 | D:10     | Found a stormy altar of Qazlal.
 10257 | D:10     | Found a portal to a secret trove of treasure.
 10622 | D:10     | Killed NigelTetley's ghost
 10678 | D:11     | Found Vyriohok's General Store.
 10686 | D:11     | Bought a scroll of fog for 52 gold pieces
 10698 | D:11     | Found a gate leading to a gauntlet.
 10709 | D:11     | Reached skill level 16 in Fighting
 10714 | D:11     | Learned a level 3 spell: Hailstorm
 10772 | Gauntlet | Entered a Gauntlet
 10772 | Gauntlet | Noticed a soul eater
 10772 | Gauntlet | Found a runed translucent door.
 10772 | Gauntlet | Found a transporter.
 10772 | Gauntlet | Found a runed translucent door.
 10777 | Gauntlet | Found a transporter.
 10779 | Gauntlet | Found a transporter.
 10789 | Gauntlet | Found a transporter.
 10792 | Gauntlet | Found a transporter.
 10798 | Gauntlet | Found a transporter.
 10820 | Gauntlet | Found a transporter.
 10830 | Gauntlet | Found a transporter.
 10841 | Gauntlet | Noticed a ghost crab
 10842 | Gauntlet | Found a transporter.
 10859 | Gauntlet | Found a transporter.
 10871 | Gauntlet | Found a transporter.
 10926 | Gauntlet | Noticed a hell beast
 10943 | Gauntlet | Found a transporter.
 10944 | Gauntlet | Found a transporter.
 10952 | Gauntlet | Found a transporter.
 11067 | Gauntlet | Killed a soul eater
 11068 | Gauntlet | Reached skill level 1 in Evocations
 11207 | Gauntlet | Killed a hell beast
 11209 | Gauntlet | Identified the ring "Ezejagh" {Ice rN+ Str+2 Dex+3}
 11280 | Gauntlet | Identified the amulet of Uty Zurch {Reflect Dex+4 SH+5}
 11280 | Gauntlet | Noticed a minotaur
 11291 | Gauntlet | Killed a minotaur
 11344 | Gauntlet | Found the +3 hat of Pondering {ponderous, Will+ MP+10
                  | Int+5}
 11420 | D:11     | Reached skill level 17 in Fighting
 11420 | D:11     | Reached XP level 10. HP: 128/130 MP: 24/24
 11424 | D:11     | Found a staircase to the Lair.
 11528 | D:11     | Gained mutation: You occasionally lose the ability to read
                  | scrolls when taking damage. [Ru sacrifice]
 11528 | D:11     | Gained mutation: You sometimes lose the ability to read
                  | scrolls when taking damage. [Ru sacrifice]
 11528 | D:11     | Reached ****** piety under Ru
 11537 | D:11     | Noticed a two-headed ogre
 11548 | D:11     | Killed a two-headed ogre
 11701 | D:11     | Noticed a two-headed ogre
 11711 | D:11     | Killed a two-headed ogre
 11796 | D:11     | Noticed a boulder beetle
 11807 | D:11     | Killed a boulder beetle
 11808 | D:11     | Reached skill level 5 in Evocations
 11872 | D:11     | Found a staircase to the Orcish Mines.
 12014 | Lair:1   | Entered Level 1 of the Lair of Beasts
 12123 | Lair:1   | Reached skill level 18 in Fighting
 12559 | Lair:1   | Reached skill level 19 in Fighting
 13520 | Lair:2   | Reached skill level 5 in Maces & Flails
 13654 | Lair:2   | Noticed a six-headed hydra
 13659 | Lair:2   | Killed a six-headed hydra
 13684 | Lair:2   | Reached XP level 11. HP: 109/146 MP: 25/25
 13874 | Lair:2   | Noticed Sonja
 13876 | Lair:2   | Killed Sonja
 13877 | Lair:2   | Reached skill level 20 in Fighting
 14275 | Lair:2   | Found a staircase to the Swamp.
 14687 | Lair:2   | Found a staircase to the Snake Pit.
 15354 | Lair:3   | Reached skill level 1 in Translocations
 15617 | Lair:3   | Reached skill level 21 in Fighting
 16192 | Lair:4   | Identified the +1 broad axe of Vumos {freeze, rElec rF++}
 16628 | Lair:4   | Reached XP level 12. HP: 151/152 MP: 26/26
 16667 | Lair:4   | Learned a level 3 spell: Kindle Blastsparks
 16725 | Lair:4   | Reached skill level 1 in Fire Magic
 16725 | Lair:4   | Reached skill level 1 in Air Magic
 16787 | Lair:4   | Reached skill level 5 in Translocations
 17079 | Lair:4   | Reached skill level 22 in Fighting
 17231 | Lair:4   | Found a runed translucent door.
 17232 | Lair:4   | Found a shimmering altar of Xom.
 17232 | Lair:4   | Noticed PigKeeper's ghost (journeyman TeGl)
 17498 | Lair:5   | Entered Level 5 of the Lair of Beasts
 17566 | Lair:5   | Reached skill level 1 in Ice Magic
 18146 | Lair:5   | Reached skill level 23 in Fighting
 18508 | Lair:5   | Found a staircase to the Slime Pits.
 18860 | Lair:5   | Reached skill level 24 in Fighting
 19067 | Lair:5   | Reached XP level 13. HP: 104/162 MP: 23/27
 19583 | Orc:1    | Entered Level 1 of the Orcish Mines
 19632 | Orc:1    | Found a dark tunnel.
 19654 | Volcano  | Entered a volcano
 19804 | Volcano  | Reached skill level 25 in Fighting
 20161 | Orc:1    | Noticed Josephine
 20190 | Orc:1    | Killed Josephine
 20435 | Orc:2    | Entered Level 2 of the Orcish Mines
 20995 | Orc:2    | Reached skill level 1 in Armour
 21125 | Orc:2    | Found a staircase to the Elven Halls.
 21147 | Orc:2    | Found Zyburo's Jewellery Shoppe.
 21900 | Orc:2    | Found Jienlago's Antique Armour Boutique.
 21900 | Orc:2    | Found Kutsuo's Antique Armour Emporium.
 21900 | Orc:2    | Found Asirgh's Antique Weapon Shoppe.
 22642 | Orc:2    | Found Jieggor's Assorted Antiques.
 22657 | Orc:2    | Bought a heavy robe for 188 gold pieces
 22657 | Orc:2    | Identified the +2 robe of the Lumpy Seas {rElec rC- Int+4}
                  | (You bought it in a shop on level 2 of the Orcish Mines)
 22660 | Orc:2    | Bought a polished dire flail for 315 gold pieces
 22660 | Orc:2    | Identified the +7 dire flail of Hacking and Slashing
                  | {flame, rF+++ Dex-2} (You bought it in a shop on level 2 of
                  | the Orcish Mines)
 23156 | Snake:1  | Entered Level 1 of the Snake Pit
 23582 | Snake:1  | Reached skill level 26 in Fighting
 23910 | Snake:1  | Found Keif's Antique Armour Shop.
 24818 | Snake:2  | Reached XP level 14. HP: 174/178 MP: 28/28
 25335 | Snake:3  | Noticed a nagaraja
 25342 | Snake:3  | Killed a nagaraja
 25343 | Snake:3  | Reached skill level 10 in Maces & Flails
 25421 | Snake:3  | Found Paggarod's Armour Boutique.
 25431 | Snake:3  | Reached skill level 27 in Fighting
 25462 | Snake:3  | Found a frozen archway.
 25462 | Snake:3  | Identified the amulet "Beafiuwk" {Acrobat rF+ Will+ rCorr
                  | Dex+3}
 25487 | IceCv    | Entered an ice cave
 26797 | Snake:3  | Identified the +7 rapier of Infinite Pain {protect, Will+}
 26933 | Snake:3  | Noticed a nagaraja
 26940 | Snake:3  | Killed a nagaraja
 27534 | Snake:4  | Entered Level 4 of the Snake Pit
 27863 | Snake:4  | Noticed a nagaraja
 27959 | Snake:3  | Killed a nagaraja
 28675 | Snake:4  | Reached XP level 15. HP: 185/201 MP: 29/29
 30035 | Snake:4  | Reached skill level 5 in Armour
 30652 | Snake:4  | Got a serpentine rune of Zot
 30996 | D:12     | Noticed Nessos
 31007 | D:12     | Killed Nessos
 32327 | D:13     | Acquired a +6 spectral giant club
 33549 | D:14     | Found a gate to the Vaults.
 33672 | D:14     | Found a sacrificial altar of Ru.
 34025 | D:14     | Noticed a sphinx
 34034 | D:14     | Killed a sphinx
 34056 | D:14     | Reached XP level 16. HP: 124/217 MP: 30/30
 34636 | D:15     | Entered Level 15 of the Dungeon
 35152 | D:15     | Noticed Kirke
 35161 | D:15     | Killed Kirke
 35263 | D:15     | Found a staircase to the Depths.
 35985 | Swamp:1  | Entered Level 1 of the Swamp
 35995 | Swamp:1  | Reached skill level 10 in Armour
 36106 | Swamp:1  | Noticed Nikola
 36116 | Swamp:1  | Killed Nikola
 37264 | Swamp:2  | Reached skill level 15 in Maces & Flails
 37625 | Swamp:2  | Noticed a tentacled monstrosity
 37643 | Swamp:2  | Killed a tentacled monstrosity
 37646 | Swamp:2  | Identified the +0 morningstar of Gehenna {flame, Str+4}
 38561 | Swamp:3  | Acquired the Secrets of the Warrior-Mage
 38565 | Swamp:3  | Learned a level 1 spell: Apportation
 38569 | Swamp:3  | Learned a level 3 spell: Vhi's Electric Charge
 38574 | Swamp:3  | Learned a level 4 spell: Manifold Assault
 38892 | Swamp:4  | Entered Level 4 of the Swamp
 39829 | Swamp:4  | Reached XP level 17. HP: 196/226 MP: 31/31
 39945 | Swamp:4  | Noticed a tentacled monstrosity
 39951 | Swamp:4  | Killed a tentacled monstrosity
 40003 | Swamp:4  | Noticed a tentacled monstrosity
 40011 | Swamp:4  | Killed a tentacled monstrosity
 40256 | Swamp:4  | Got a decaying rune of Zot
 40520 | Vaults:1 | Entered Level 1 of the Vaults
 40868 | Vaults:1 | Noticed Zenata
 40878 | Vaults:1 | Killed Zenata
 42011 | Vaults:1 | Found a runed translucent gate.
 42011 | Vaults:1 | Found a runed translucent gate.
 42011 | Vaults:1 | Found a runed translucent gate.
 42011 | Vaults:1 | Found an ancient bone altar of Kikubaaqudgha.
 42011 | Vaults:1 | Noticed Poyn's ghost (adept DEVM)
 42011 | Vaults:1 | Noticed a dread lich
 42011 | Vaults:1 | Noticed a dread lich
 42011 | Vaults:1 | Noticed an ancient lich
 42021 | Vaults:1 | Killed an ancient lich
 42024 | Vaults:1 | Killed a dread lich
 42026 | Vaults:1 | Killed Poyn's ghost
 42037 | Vaults:1 | Killed a dread lich
 42058 | Vaults:1 | Identified the +2 cloak "Ikhun" {rC+ Regen+ Str-5 SInv}
 42061 | Vaults:1 | Identified the amulet "Iruuron" {rPois rF+ rC+ Regen+
                  | Dex+3}
 42581 | Vaults:1 | Reached XP level 18. HP: 133/236 MP: 0/32
 42808 | Vaults:1 | Noticed Donald
 42816 | Vaults:1 | Killed Donald
 43211 | Vaults:1 | Reached skill level 5 in Air Magic
 43445 | Vaults:2 | Identified the +1 leather armour "Selutas" {rCorr SInv}
 43657 | Vaults:2 | Found a staircase to the Crypt.
 44511 | Vaults:2 | Reached skill level 10 in Translocations
 46597 | Vaults:3 | Found the +5 glaive of the Guard {elec, spectral, AC+5}
 47254 | Vaults:3 | Reached XP level 19. HP: 228/245 MP: 20/33
 48287 | Vaults:4 | Found Leimok's Jewellery Shop.
 48311 | Vaults:4 | Identified the +3 ring mail of Wu Jian's Respect {rC-
                  | Will++ Int+8}
 48409 | Vaults:4 | Found a glowing golden altar of the Shining One.
 48409 | Vaults:4 | Found a white marble altar of Elyvilon.
 48410 | Vaults:4 | Found a crumbling gateway.
 48411 | Vaults:4 | Found a glowing silver altar of Zin.
 48662 | Desolati | Entered the Desolation of Salt
 49054 | Desolati | Identified the +0 plate armour of Muttered Phrases {rElec
                  | rF++ Dex+4 Stlth+}
 49554 | Desolati | Identified the amulet "Nuittuu" {Reflect +Blink rF- Dex+5
                  | Slay+2 SH+5}
 49564 | Desolati | Identified the ring of Eje Oxu {*Slow rCorr Str+6 Stlth+}
 49605 | Desolati | Got the Incunable of Grounded Fumes
 50035 | Desolati | Got the Treatise on Discontinuous Bombardment
 50069 | Desolati | Identified the amulet "Paith" {-Cast rF+++ rC+++ Regen+
                  | Int-5}
 50094 | Desolati | Identified the +1 robe of Understanding {-Cast rPois Regen+
                  | rCorr}
 50114 | Desolati | Identified the +4 broad axe "Orao" {drain, rF+}
 50124 | Desolati | Got Vuiwef's Verses on the Jinx and Pollution
 50143 | Desolati | Found the +8 mithril axe "Arga" {speed, Will+}
 50538 | Vaults:4 | Identified the +7 chain mail "Ocouboit" {rN+}
 50541 | Vaults:4 | Identified the +3 rapier "Spiderbane" {holy, rC+ Will+}
 50713 | Vaults:4 | Noticed Frederick
 50721 | Vaults:4 | Killed Frederick
 51153 | Vaults:4 | Reached skill level 15 in Armour
 51797 | Vaults:4 | Reached XP level 20. HP: 254/256 MP: 31/34
 52242 | Vaults:5 | Entered Level 5 of the Vaults
 52360 | Vaults:4 | Reached skill level 1 in Axes
 52378 | Vaults:4 | Learned a level 4 spell: Iskenderun's Mystic Blast
 52589 | Vaults:5 | Noticed a golden dragon
 52793 | Vaults:5 | Identified the +3 leather armour of the Cuttlefish {Harm
                  | +Inv SInv}
 52801 | Vaults:4 | Killed a golden dragon
 53763 | Vaults:5 | Noticed a golden dragon
 53838 | Vaults:5 | Reached skill level 5 in Axes
 53996 | Vaults:4 | Killed a golden dragon
 55383 | Vaults:5 | Noticed a dread lich
 55491 | Vaults:4 | HP: 7/152 [lorocyproca[a dread lich] (11)]
 55492 | Vaults:4 | Killed a dread lich
 55493 | Vaults:4 | Reached skill level 1 in Shields
 55757 | Vaults:5 | Found the +1 robe of Vines {NoPotionHeal Regen++++}
 55890 | Vaults:5 | Got a silver rune of Zot
 56013 | Vaults:5 | Identified the +2 hand axe of Grontol {heavy, rF+}
 56087 | Vaults:5 | Reached XP level 21. HP: 164/198 MP: 22/37
 56248 | Vaults:5 | Identified the +1 acid dragon scales of Generosity {-Tele
                  | rCorr Str+3}
 56532 | Vaults:5 | Identified the +6 spear of Poum {holy, rN++ rCorr Int-5
                  | SInv}
 56753 | Vaults:5 | Identified the +10 dagger "Jun Maehe" {heavy, Str+3}
 57004 | Vaults:5 | Got the Octavo of the Salamander
 57260 | Depths:1 | Entered Level 1 of the Depths
 57273 | Depths:1 | Found a gateway to Hell.
 57276 | Depths:1 | Found a one-way gate to the infinite horrors of the Abyss.
 58107 | Depths:2 | Found a one-way gate leading to the halls of Pandemonium.
 58543 | Depths:2 | Acquired the +1 gold dragon scales of Foolhardiness {Fly
                  | rPois rF+ rC+ Int+4 Dex+4}
 58754 | Depths:2 | Reached skill level 15 in Translocations
 59140 | Depths:3 | Identified the +1 robe of the Butcher {Harm Regen+}
 59540 | Depths:3 | Noticed a golden dragon
 59573 | Depths:3 | Killed a golden dragon
 59768 | Depths:3 | Found a one-way gateway to a ziggurat.
 60253 | Depths:3 | Reached skill level 5 in Shields
 60547 | Depths:4 | Entered Level 4 of the Depths
 60567 | Depths:4 | Reached skill level 5 in Conjurations
 60802 | Depths:4 | Reached XP level 22. HP: 199/268 MP: 32/39
 61208 | Depths:4 | Found a gate to the Realm of Zot.
 61212 | Zot:1    | Entered Level 1 of the Realm of Zot
 61678 | Depths:4 | Acquired 983 gold pieces
 61680 | Depths:4 | Acquired the amulet of Vitality {RegenMP++ Regen++}
 61680 | Depths:4 | Found the amulet of Vitality {RegenMP++ Regen++}
 62023 | Depths:4 | Found a snail-covered altar of Cheibriados.
 63659 | Hell     | Entered the Vestibule of Hell
 63659 | Hell     | Noticed Geryon
 63731 | Hell     | Killed Geryon
 64123 | Depths:1 | HP: 8/229 [poison (dark miasma)]
 64124 | Depths:1 | Succumbed to poison (dark miasma)

Illustrated notes

Levels and vault maps discovered:
D:1:      lemuel_arrival_funnel, layout_rooms, serial_shops, shop_statue,
          nicolae_ecumenical_snake_handling
D:2:      layout_basic
D:3:      layout_basic, serial_forest, infiniplex_forest_diagonal,
          infiniplex_forest_lined_4_way, infiniplex_forest_corner_1,
          infiniplex_forest_lined_room_3
D:4:      layout_loops_ring
D:5:      layout_basic, mainiacjoe_overflow_catwalk,
          minmay_temple_entry_glassed_door
D:6:      layout_rooms
D:7:      layout_basic, uniq_menkaure
D:8:      layout_basic, serial_shops, shop_statue, uniq_psyche
D:9:      layout_long_grid, nicolae_uskayaw_dance_studio,
          mainiacjoe_overflow_cross_hatched, serial_shops, shop,
          ebering_ghost_gozag, minivault_25_ag, uniq_erica, uniq_harold
D:10:     layout_loops_ring, mainiacjoe_overflow_boulevard,
          grunt_temple_overflow_cloverleaf, nicolae_trove_entry_crossroad,
          ebering_ghost_reflecting_pool, kennysheep_dice
D:11:     layout_roguey, david_lair_generic, gauntlet_entry_generic,
          serial_shops, shop
D:12:     layout_layer_cave, corner_web_ring, minmay_fractal_squares_gapless_5,
          uniq_nessos
D:13:     layout_loops_ring
D:14:     kennysheep_large_spiral, layout_loops_ring, grunt_vaults_entry_tiered,
          hangedman_ru_absence
D:15:     grunt_enter_depths_snipers, layout_loops_cross, serial_park_gazebo
          [serial_park_minivault_5x5_3], uniq_kirke
Temple:   minmay_temple_curvy_branch
Lair:1:   layout_layer_cave
Lair:2:   layout_long_grid, skrybe_swamp_entry_bodies,
          nicolae_snake_entry_squirm, chequers_serial_rivers_marsh,
          grunt_megastairs_1, uniq_sonja
Lair:3:   layout_regular_city, basic_altar, dpeg_oklob_1
Lair:4:   layout_big_grid, ebering_ghost_xom, serial_bayou_pond_c,
          patterned_corridor
Lair:5:   grunt_lair_end_beastmaster, layout_regular_city,
          nicolae_slime_entry_field_trip, serial_rivers,
          chequers_serial_rivers_large_b, chequers_serial_rivers_micro_c,
          chequers_serial_rivers_micro_b, chequers_serial_rivers_micro_e,
          chequers_serial_rivers_micro_a, chequers_serial_rivers_small_a,
          st_stairs_8, grunt_megastairs_3
Swamp:1:  layout_falls_marsh, evilmike_swamp_ruin_house_1, uniq_nikola
Swamp:2:  cheibrodos_swamp_monstrosity, layout_falls_marsh,
          infiniplex_staircase_pool_2, swamp_pool1, worms_lemuel
Swamp:3:  nicolae_swamp_husk_halls, layout_basic_swamp,
          evilmike_swamp_ruin_house_3
Swamp:4:  nzn_swamp_witches_coven, layout_basic_swamp
Snake:1:  layout_rooms, serial_shops, shop
Snake:2:  layout_cave_town
Snake:3:  layout_gridlike, portal_ice_cave_entry_pillars_2, serial_shops, shop,
          serial_bayou_shore_b, serial_bayou_shore_a
Snake:4:  minmay_snake_end_coiled, layout_cave_town
Orc:1:    layout_caves, enter_volcano_3, uniq_josephine
Orc:2:    st_orc_rangers, layout_caves, serial_shops, shop
Vaults:1: gammafunk_ghost_crypt, nicolae_vaults_three_branches,
          grunt_vaults_funnel, nicolae_vaults_big_ls, dpeg_vaults_monster_row,
          kb_rosetta, v_misc_1, ontoclasm_vaults_ring_square,
          nicolae_vaults_network_square, grunt_vaults_focal,
          hangedman_vaults_impose, layout_vaults_omnibox, uniq_zenata,
          uniq_donald
Vaults:2: vaults_room_boxed, nicolae_vaults_octagons,
          nicolae_vaults_little_squares_4, vaults_room_door_hall, v_misc_32,
          ontoclasm_vaults_gateway, nicolae_vaults_specimen_jars,
          grunt_vaults_hallway_long, minmay_crypt_entry_simple_box,
          nicolae_vaults_asterisk, ontoclasm_vaults_fault,
          layout_vaults_big_room, serial_shops
Vaults:3: v_pattern_1, ontoclasm_vaults_ligature, v_misc_10,
          nicolae_vaults_big_angled_halls, v_misc_10, v_misc_18,
          nicolae_vaults_back_hallway, v_misc_26,
          minmay_guarded_unrand_guard_vaults, hangedman_vaults_snaps, v_misc_17,
          layout_vaults_maze
Vaults:4: portal_desolation_entry_holy_temple, hangedman_vaults_slice,
          nicolae_vaults_network_quinsquares
          [nicolae_vaults_network_quincunx_subvault,
          nicolae_vaults_network_quincunx_subvault,
          nicolae_vaults_network_quincunx_subvault,
          nicolae_vaults_network_quincunx_subvault], ontoclasm_vaults_eye,
          hangedman_vaults_cutoff, vaults_room_grid, grunt_vaults_diagonal,
          nicolae_vaults_shelves_hall, layout_vaults_quadrants, serial_shops,
          shop_fountains, uniq_frederick
Vaults:5: serial_shops
Depths:1: layout_cave_pools, rand_demon_pan_entry_7, hell_entry,
          abyss_entry_glasseish, chequers_serial_rivers_micro_c,
          kennysheep_generic_room_4
Depths:2: kennysheep_blocky_hall, layout_basic, hex_medium,
          hangedman_tar_grid_catacomb, abyss_entry, rand_demon_pan_entry_8,
          firewood_loft
Depths:3: minmay_bad_star, layout_basic, enter_ziggurat_a,
          minmay_staircase_bubble, hell_entry, abyss_entry
Depths:4: grunt_twist_and_shout, layout_gridville, pan_entry,
          grunt_hell_entry_dis_old, slow_altar_2
Hell
Zot:1:    layout_gridlike, gammafunk_ghost_split, grunt_megastairs_5

Skill      XL: |  1  2  3  4  5  6  7  8  9 10 11 12 13 14 15 16 17 18 19 20 21 22 |
---------------+-------------------------------------------------------------------+-----
Stealth        | 1 2 0 |  0.0
Polearms       | 4 |  4.0
Fighting       | 3 5 6 12 14 17 19 21 24 26 27 | 27.0
Dodging        | 2 3 4 5 |  5.0
Maces & Flails | 1 2 3 4 5 8 9 13 14 15 16 17 18 | 18.0
Throwing       | 2 |  2.0
Spellcasting   | 6 9 10 12 13 | 13.9
Evocations     | 3 5 |  5.0
Translocations | 4 5 7 9 11 13 14 15 | 15.7
Fire Magic     | 1 |  1.0
Air Magic      | 1 4 5 6 |  6.7
Ice Magic      | 2 |  2.0
Armour         | 1 3 9 11 12 13 15 16 | 16.8
Axes           | 6 8 9 |  9.1
Shields        | 1 5 6 |  6.7
Conjurations   | 5 6 |  6.3

Action                     |  1- 3 |  4- 6 |  7- 9 | 10-12 | 13-15 | 16-18 | 19-21 | 22-24 || total
---------------------------+-------+-------+-------+-------+-------+-------+-------+-------++-------
  Melee: Spear             |   155 |     7 |     1 |       |       |       |       |       ||   163
         Whip              |       |   160 |   480 |  1014 |   337 |       |       |       ||  1991
         Punch             |       |     1 |     5 |    15 |     3 |       |     6 |       ||    30
         Dire flail        |       |       |       |       |   878 |       |       |       ||   878
         Broad axe         |       |       |       |       |    56 |       |  1216 |   557 ||  1829
         Giant club        |       |       |       |       |   134 |   963 |   446 |       ||  1543
  Throw: Stone             |    12 |     1 |     3 |       |       |       |       |       ||    16
         Dart              |       |    10 |    13 |     9 |     6 |       |     2 |       ||    40
         Javelin           |       |       |     2 |    15 |     5 |     5 |       |       ||    27
         Boomerang         |       |       |       |    26 |    34 |       |       |       ||    60
         Large rock        |       |       |       |       |       |       |       |     1 ||     1
   Cast: Momentum Strike   |     5 |     2 |     1 |     3 |       |       |       |       ||    11
         Kiss of Death     |       |     1 |       |       |       |       |       |       ||     1
         Hailstorm         |       |       |       |     1 |     8 |       |       |       ||     9
         Kindle Blastspark |       |       |       |    22 |     9 |       |       |       ||    31
         Manifold Assault  |       |       |       |       |       |   217 |   261 |   108 ||   586
         Vhi's Electric Ch |       |       |       |       |       |    22 |    84 |    26 ||   132
         Iskenderun's Myst |       |       |       |       |       |       |     1 |     6 ||     7
 Invoke: Sacrifice Love    |     1 |       |       |       |       |       |       |       ||     1
         Sacrifice Experie |       |     1 |     1 |       |       |       |       |       ||     2
         Draw Out Power    |       |     1 |     4 |     1 |     3 |       |       |       ||     9
         Apocalypse        |       |       |     7 |     9 |    15 |     4 |     8 |     2 ||    45
         Sacrifice Stealth |       |       |     1 |       |       |       |       |       ||     1
         Sacrifice Words   |       |       |       |     1 |       |       |       |       ||     1
         Power Leap        |       |       |       |     1 |       |       |       |       ||     1
  Evoke: Wand              |       |       |     2 |     2 |     3 |     1 |       |       ||     8
         Lightning rod     |       |       |       |     4 |       |       |       |       ||     4
    Use: Potion            |     2 |       |     4 |     3 |     4 |       |     1 |     1 ||    15
         Scroll            |     1 |     8 |     3 |     9 |     6 |     1 |     2 |     2 ||    32
   Stab: Sleeping          |       |    14 |     2 |       |       |       |       |       ||    16
         Paralysed         |       |       |    28 |    46 |    31 |     5 |    19 |     2 ||   131
         Distracted        |       |       |     2 |     6 |    10 |     4 |     7 |     1 ||    30
         Invisible         |       |       |     1 |    12 |    15 |     7 |    23 |     2 ||    60
 Armour: Robe              |    37 |    20 |    70 |   203 |    44 |       |       |       ||   374
         Skin              |     6 |       |       |       |       |       |       |       ||     6
         Steam dragon scal |       |       |       |       |    93 |       |       |       ||    93
         Troll leather arm |       |       |       |       |    88 |       |       |       ||    88
         Ice dragon scales |       |       |       |       |   191 |   196 |   309 |       ||   696
         Gold dragon scale |       |       |       |       |       |       |   184 |   208 ||   392
  Dodge: Dodged            |    69 |    45 |   180 |   371 |   569 |   253 |   241 |    51 ||  1779
  Block: Other             |       |       |     6 |   186 |   131 |       |       |       ||   323
         Reflection        |       |       |       |       |    16 |       |     5 |     1 ||    22
         Kite shield       |       |       |       |       |       |       |   168 |   134 ||   302

Table legend: (Time is in decaauts)
 A = Elapsed time spent in this place.
 B = Non-inter-level travel time spent in this place.
 C = Inter-level travel time spent in this place.
 D = Time resting spent in this place.
 E = Time spent auto-exploring this place.
 F = Levels seen in this place.
 G = Mean time per level.
                   A        B        C        D        E       F      G
               +--------+--------+--------+--------+--------+-----+--------+
         Total |  62908 |  58848 |   4060 |  18883 |  24754 |  46 | 1367.6 |
       Dungeon |  17058 |  15782 |   1276 |   3471 |   8574 |  15 | 1137.2 |
        Temple |      1 |      1 |      0 |      0 |      0 |   1 |    1.0 |
          Lair |   7691 |   7063 |    628 |   1612 |   3389 |   5 | 1538.2 |
         Swamp |   4324 |   4115 |    209 |   1645 |   1562 |   4 | 1081.0 |
     Snake Pit |   6572 |   6311 |    261 |   2357 |   1918 |   4 | 1643.0 |
  Orcish Mines |   3111 |   3007 |    104 |   1457 |    740 |   2 | 1555.5 |
        Vaults |  14449 |  13168 |   1281 |   5244 |   5426 |   5 | 2889.8 |
        Depths |   5915 |   5625 |    290 |   1760 |   2336 |   4 | 1478.8 |
          Hell |    129 |    129 |      0 |      9 |      0 |   1 |  129.0 |
           Zot |     43 |     35 |      8 |      0 |      0 |   1 |   43.0 |
      Ice Cave |    952 |    952 |      0 |    370 |     95 |   1 |  952.0 |
       Volcano |    296 |    296 |      0 |     37 |    116 |   1 |  296.0 |
    Desolation |   1775 |   1775 |      0 |    781 |    437 |   1 | 1775.0 |
      Gauntlet |    587 |    587 |      0 |    135 |    161 |   1 |  587.0 |
               +--------+--------+--------+--------+--------+-----+--------+

Top non-repeatable levels by time:
Vaults:4: 5158 daAuts
Vaults:1: 2817 daAuts
Vaults:3: 2627 daAuts
 Snake:4: 2409 daAuts
Vaults:2: 2340 daAuts
    D:14: 2312 daAuts
  Lair:1: 1858 daAuts
 Snake:3: 1819 daAuts
Desolation: 1775 daAuts
  Lair:5: 1758 daAuts
Depths:2: 1756 daAuts
Depths:3: 1673 daAuts
   Orc:2: 1597 daAuts
  Lair:2: 1580 daAuts
   Orc:1: 1513 daAuts
